 Dungeon Crawl Stone Soup version 0.27.0-1-g7a089689b8 (webtiles) character file.

Game seed: 14280671722365324542

121 Fateric95 the Conjurer (level 5, -3/35 HPs)
             Began as a Human Conjurer on Aug 15, 2021.
             Killed by nerve-wracking pain
             ... invoked by Grinder
              (8 damage)
             ... on level 3 of the Dungeon.
             The game lasted 00:35:28 (4565 turns).

Fateric95 the Conjurer (Human Conjurer)             Turns: 4565, Time: 00:35:28

Health: -3/35      AC:  6    Str:  7    XL:     5   Next: 26%
Magic:  5/9        EV: 10    Int: 19    God:
Gold:   120        SH:  0    Dex: 12    Spells: 8/9 levels left

rFire    . . .     SeeInvis .   k - +0 short sword
rCold    . . .     Faith    .   (no shield)
rNeg     . . .     Spirit   .   s - +0 ring mail
rPois    .         Reflect  .   r - +0 helmet
rElec    .         Harm     .   (no cloak)
rCorr    .         Rampage  .   (no gloves)
Will     .....                  (no boots)
Stlth    +.........             (no amulet)
HPRegen  0.11/turn              (no ring)
MPRegen  0.11/turn              (no ring)

@: very slightly contaminated
A: no striking features
a: no special abilities


You were on level 3 of the Dungeon.
You visited 1 branch of the dungeon, and saw 4 of its levels.

You collected 120 gold pieces.

Inventory:

Hand Weapons
 h - a +0 mace
 k - a +0 short sword (weapon)
 n - a +0 hunting sling
 o - a +0 trident
Missiles
 d - 63 stones
 f - 57 arrows
Armour
 a - a +0 robe
 e - a +0 robe
 r - a +0 helmet (worn)
 s - a +0 ring mail (worn)
Scrolls
 b - 3 scrolls of identify {unknown}
 c - a scroll of vulnerability {unknown}
 g - a scroll of enchant armour {unknown}
 l - a scroll of fog {unknown}
 m - a scroll of blinking {unknown}
 q - a scroll of enchant weapon {unknown}
Potions
 j - 3 potions of brilliance {unknown}
 t - a potion of lignification {unknown}


   Skills:
 + Level 0.1 Fighting
 + Level 2.3 Dodging
 + Level 2.5 Stealth
 + Level 2.8 Spellcasting
 + Level 5.2 Conjurations


You had 8 spell levels left.
You knew the following spells:

 Your Spells              Type           Power      Damage    Failure   Level
a - Magic Dart            Conj           88%        1d7       6%          1

Your spell library contained the following spells:

 Spells                   Type           Power      Damage    Failure   Level
 Searing Ray              Conj           44%        3d4       10%         2
 Dazzling Flash           Conj/Hex       24%        N/A       50%         3
 Fulminant Prism          Conj/Hex       6%         3d7       88%         4
 Iskenderun's Mystic Bla  Conj/Tloc      12%        2d5       88%         4
 Animate Armour           Summ/Erth      4%         N/A       99%         4
 Blade Hands              Tmut           1%         N/A       100%        5
 Iron Shot                Conj/Erth      6%         9d2       100%        6


Dungeon Overview and Level Annotations

Branches:
Dungeon (4/15)
 Temple: D:4-7

Altars:

Annotations:
D:3 1 runed translucent door, Crazy Yiuf, Grinder, Terence


Message History

Grinder is moderately wounded.
Grinder hits you!
You writhe in agony.
Grinder hits you.
You writhe in agony.
* * * LOW HITPOINT WARNING * * *
Casting: Magic Dart (safe; 6% risk of failure)
Confirm with . or Enter, or press ? or * to list all spells.
Aiming: Magic Dart (safe; 6% risk of failure)
Press: ? - help, Shift-Dir - straight line, f/p - Grinder
Aim: Grinder (lightly wounded, 100% to hit)
The magic dart hits Grinder.
Grinder is moderately wounded.
Grinder gestures at you. You resist with significant effort.
Casting: Magic Dart (safe; 6% risk of failure)
Confirm with . or Enter, or press ? or * to list all spells.
Aiming: Magic Dart (safe; 6% risk of failure)
Press: ? - help, Shift-Dir - straight line, f/p - Grinder
Aim: Grinder (moderately wounded, 100% to hit)
The magic dart hits Grinder but does no damage.
Grinder is moderately wounded.
Grinder gestures at you.
You suddenly lose the ability to move!
Grinder hits you but does no damage.
Grinder blinks!
Grinder says, "FISH!"
You can move again.
You completely miss Grinder.
Grinder is lightly wounded.
Grinder hits you.
* * * LOW HITPOINT WARNING * * *
Casting: Magic Dart (safe; 6% risk of failure)
Confirm with . or Enter, or press ? or * to list all spells.
Aiming: Magic Dart (safe; 6% risk of failure)
Press: ? - help, Shift-Dir - straight line, f/p - Grinder
Aim: Grinder (lightly wounded, 100% to hit)
You miscast Magic Dart.
You are very lightly contaminated with residual magic.
Nothing appears to happen.
Grinder gestures at you. Pain shoots through your body!
You die...

.####### #.# #. .......#
##.### #. ######.#
#....# ######. #.#
#....# #...... #.#
#....# #.#####
#.#######....# #.#
#.........#..#########.#
###########5...........#
########@############
.........# .#########


You could see Grinder.

Vanquished Creatures
  Natasha (twice) (D:2)
  2 adders
  A dart slug (D:1)
  An orc (D:2)
  3 endoplasms
  4 goblins
  6 hobgoblins
  12 jackals
  3 quokkas
  2 ball pythons
  2 bats
  5 kobolds
  2 rats
45 creatures vanquished.

Notes
Turn   | Place    | Note
-------+----------+-------------------------------------------
     0 | D:1      | Fateric95 the Human Conjurer began the quest for the Orb.
     0 | D:1      | Reached XP level 1. HP: 13/13 MP: 3/3
   459 | D:1      | Reached XP level 2. HP: 19/19 MP: 3/5
   533 | D:1      | Found a faded altar of an unknown god.
  2131 | D:2      | Reached XP level 3. HP: 24/24 MP: 2/6
  2272 | D:2      | Noticed Natasha
  2277 | D:2      | Killed Natasha
  2278 | D:2      | Reached XP level 4. HP: 21/30 MP: 2/7
  2356 | D:2      | Noticed Natasha
  2358 | D:2      | Reached skill level 5 in Conjurations
  2643 | D:2      | Killed Natasha
  3073 | D:2      | Reached XP level 5. HP: 35/35 MP: 5/8
  3379 | D:3      | Noticed Terence
  3950 | D:3      | Found a runed translucent door.
  3951 | D:3      | Noticed Crazy Yiuf
  4098 | D:3      | Identified a scroll of acquirement
  4098 | D:3      | Acquired a +0 battleaxe of freezing
  4551 | D:3      | Noticed Grinder
  4559 | D:3      | Paralysed by Grinder for 5 turns
  4565 | D:3      | Killed from afar by Grinder

Illustrated notes

Levels and vault maps discovered:
D:1:      kennysheep_arrival_forest, layout_basic,
          hellmonk_ecumenical_altar_crossroads, minmay_strange_pillars
D:2:      layout_rooms, uniq_natasha
D:3:      layout_loops_ring, uniq_crazy_yiuf_cottage, uniq_grinder, uniq_terence
D:4:      layout_rooms

Skill      XL: |  1  2  3  4 |
---------------+-------------+-----
Conjurations   | 5 |  5.2
Fighting       | |  0.1
Dodging        | |  2.3
Stealth        | |  2.5
Spellcasting   | |  2.8

Action                   |  1- 3 |  4- 6 || total
-------------------------+-------+-------++-------
Melee: Dagger            |     1 |       ||     1
       Short sword       |       |    16 ||    16
       Trident           |       |     6 ||     6
 Cast: Magic Dart        |    41 |    57 ||    98
  Use: Scroll            |       |     2 ||     2
       Potion            |       |     1 ||     1
Armor: Robe              |     1 |     9 ||    10
       Ring mail         |       |     2 ||     2
Dodge: Dodged            |     9 |    72 ||    81
